 Dungeon Crawl Stone Soup version 0.30.1-4-g462c640d31 (webtiles) character file.

Game seed: 3607754851069384701

33 Tarkan the Trooper (level 3, 0/33 HPs)
             Began as a Draconian Berserker on Aug 9, 2023.
             Was a Follower of Trog.
             Succumbed to a scorpion's poison
             ... on level 6 of the Dungeon.
             The game lasted 00:07:16 (1115 turns).

Tarkan the Trooper (Draconian Berserker)            Turns: 1115, Time: 00:07:17

Health: 0/33       AC:  5    Str: 21    XL:     3   Next: 12%
Magic:  3/3        EV: 12    Int:  7    God:    Trog [*.....]
Gold:   43         SH:  0    Dex: 10    Spells: 2/2 levels left

rFire   . . .        a - +0 falchion
rCold   . . .        (no shield)
rNeg    . . .        (body armour unavailable)
rPois   .            (helmet restricted)
rElec   .            (no cloak)
rCorr   .            (no gloves)
SInv    .            (no boots)
Will    .....        (no amulet)
Stlth   +            (no ring)
HPRegen 0.25/turn    (no ring)
MPRegen 0.08/turn

%: no passive effects
@: lethally poisoned (0 -> -7)
A: AC +5, unfitting armour, cold-blooded
a: Renounce Religion, Berserk


You were on level 6 of the Dungeon.
You worshipped Trog.
Trog was aware of your devotion.
You visited 1 branch of the dungeon, and saw 4 of its levels.

You collected 43 gold pieces.

Inventory:

Hand Weapons
 a - a +0 falchion (weapon)
 b - a +0 sling
 c - a +0 dagger
 d - a +0 club
 f - a +0 short sword
 j - a +0 spear
 k - a +0 whip
Missiles
 g - 4 stones (quivered)
 n - 5 poisoned darts
Armour
 h - a +0 ring mail
 p - a +0 ring mail
Scrolls
 e - 2 scrolls of noise {unknown}
 l - a scroll of immolation {unknown}
Potions
 i - 2 potions of curing {unknown}
 m - a potion of ambrosia {unknown}
 o - a potion of might {unknown}


   Skills:
 + Level 3.7 Fighting
 + Level 3.6 Long Blades
 + Level 3.0 Dodging
 + Level 0.2 Stealth


You had 2 spell levels left.
You didn't know any spells.
Your spell library contained the following spells:

 Spells                   Type           Power      Damage    Failure   Level
 Ensorcelled Hibernation  Hex/Ice        0%         N/A       56%         2
 Spider Form              Tmut/Pois      0%         N/A       80%         3
 Anguish                  Hex/Necr       0%         N/A       99%         4
 Iskenderun's Battlesphe  Conj           0%         2d6       100%        5
 Iron Shot                Conj/Erth      0%         9d1       100%        6
 Spellforged Servitor     Conj/Summ      0%         N/A       100%        7


Dungeon Overview and Level Annotations

Branches:
Dungeon (3/15)

Altars:


Innate Abilities, Weirdness & Mutations

Your plain brown scales are hard. (AC +5)
You cannot fit into any form of body armour.
You are cold-blooded and may be slowed by cold attacks.


Message History

The bat closely misses you. The bat closely misses you. x2
The bat closely misses you.
There is a stone staircase leading down here.
You can't go up here!
The bat hits you but does no damage.
You climb downwards.
You hear the sound of rushing water.
There is an entrance to a sewer on this level.
Hurry and find it before the portal rusts away!
There is a stone staircase leading up here.
A sourceless malevolence fills the Dungeon...
You fall into a shaft and drop 3 floors!
The shaft crumbles and collapses.
Found a book of Rime.
Found 13 gold pieces.
Why would you want to do that? Why would you want to do that?
Why would you want to do that? Why would you want to do that?
A scorpion and a white imp come into view.
The white imp gestures at you. The puff of frost hits you!
The scorpion closely misses you.
You barely miss the scorpion. The scorpion stings you.
You are poisoned.
The scorpion poisons you! The white imp hits you. The white imp freezes you.
You hit the scorpion but do no damage.
You feel very sick.
The scorpion stings you but does no damage.
The white imp hits you. The white imp freezes you.
* * * LOW HITPOINT WARNING * * *
The scorpion barely misses you.
You hit the scorpion.
Your tail-slap misses the scorpion.
The scorpion is moderately wounded.
* * * LOW HITPOINT WARNING * * *
You feel sick. The white imp barely misses you. The scorpion stings you.
* * * LOW HITPOINT WARNING * * *
You closely miss the scorpion. You tail-slap the scorpion.
The scorpion is moderately wounded.
You die...

#### .... ##..#
######≈..# ##
...:...≈.# ..
≈.≈.≈.≈.. .#
.$.....≈# .#
#≈.#######.#
#.......5@s#
#.#####..#........
#.# #.....#.#...
... .........# .
..# ######..#.#
.... #..#.# ...
...# . .. ##.. ..


You could see a scorpion and a white imp.

Vanquished Creatures
  An adder (D:2)
  2 endoplasms
  A giant cockroach (D:2)
  A goblin (D:1)
  3 hobgoblins (D:1)
  6 ball pythons
  2 bats (D:1)
  A frilled lizard (D:1)
  5 kobolds
  4 rats (D:1)
26 creatures vanquished.

Notes
Turn   | Place    | Note
-------+----------+-------------------------------------------
     0 | D:1      | Tarkan the Draconian Berserker began the quest for the Orb.
     0 | D:1      | Reached XP level 1. HP: 19/19 MP: 1/1
   390 | D:1      | Reached XP level 2. HP: 25/26 MP: 2/2
   943 | D:2      | Found a faded altar of an unknown god.
   978 | D:2      | Reached XP level 3. HP: 23/33 MP: 3/3
  1095 | D:3      | You fall into a shaft and drop 3 floors!
  1108 | D:6      | Noticed a scorpion
  1115 | D:6      | Succumbed to a scorpion's poison

Illustrated notes

Levels and vault maps discovered:
D:1:      tekkud_arrival_beachfront_property, layout_basic
D:2:      layout_rooms, nicolae_ecumenical_snake_handling,
          serial_co_window_serial, co_window_corner_a,
          co_window_of_opportunity_a, co_window_paths_a, co_window_corner_a,
          co_window_paths_a, co_window_corner_a, co_window_corner_a,
          co_window_corner_b, co_window_corner_b, co_window_of_opportunity_c,
          co_window_corner_ca, glass_columns_b, basic_altar
D:3:      layout_basic, cheibrodos_sewer_entry_drain, uniq_sigmund
D:6:      layout_loops_ring, nicolae_ru_path_of_blood,
          minmay_temple_entry_wispy, minivault_1, sword_in_stone

Skill      XL: |  1  2 |
---------------+-------+-----
Dodging        | 3 |  3.0
Fighting       | |  3.7
Long Blades    | |  3.6
Stealth        | |  0.2

Action                     || total
---------------------------++-------
  Melee: Falchion          ||    87
         Tailslap          ||     7
    Use: Scroll            ||     1
   Stab: Sleeping          ||     1
 Armour: Skin              ||    54
  Dodge: Dodged            ||   124
